Unix NetHack Version 3.7.0-101 Work-in-progress - last build Apr 1 2024 13:39:02 (cf3915abb6dcc6e3362b2b16a766b7b4f6c45fc9,branch:master). Game began 2024-04-02 04:15:31, ended 2024-04-02 20:48:43. spontiff, neutral male gnomish Healer ------- ----- |.....|-- ------...| |.....+.| |......0.| --|.....|-| |..0.0.0.| |.+.....+.| ----.------- |.|.....|-| --.........| |.|.....+.| |........0.| |.|.....|-- |..........| |.|------ --------.----- |.| |............| |.| |............| |.| |----.-------- |.| |..l......@@| |.| |....0...d@.| |.| ------.------- |.----------------......(| |.^^^^..................>| -------------------------- Spontiff the Rhizotomist St:16 Dx:6 Co:17 In:13 Wi:16 Ch:17 Neutral S:450 Dlvl:5 $:90 HP:0(22) Pw:7(7) AC:-7 Xp:1/0 T:21377 Latest messages: The large dog bites the Green-elf. The Green-elf thrusts his runed short sword at the large dog. The Green-elf misses the large dog. What do you want to drink? [AHKRZ or ?*] ? Never mind. Are you sure you want to pray? [yn] (n) y You begin praying to Hermes. You are surrounded by a shimmering light. The Green-elf starts to attack you, but pulls back. The large dog bites the Green-elf. The Green-elf thrusts his runed short sword at the large dog. The Green-elf misses the large dog. The Green-elf starts to attack you, but pulls back. The Green-elf picks up a runed spear. The large dog bites the Green-elf. The Green-elf starts to attack you, but pulls back. The Green-elf wields a runed spear! The large dog bites the Green-elf. You finish your prayer. You feel that Hermes is well-pleased. You feel much better. What do you want to use or apply? [cj-mostwxDJPSUX or ?*] s In what direction? b Status of the large dog (neutral, medium): Level 9 HP 40(72) AC 4, tame. The Green-elf thrusts his runed short sword. The Green-elf hits! The large dog misses the Green-elf. The large dog misses the Green-elf. What do you want to use or apply? [cj-mostwxDJPSUX or ?*] s In what direction? h Status of the Green-elf (chaotic, medium): Level 6 HP 6(34) AC 7. The Green-elf thrusts his runed short sword. The Green-elf hits! The Green-elf thrusts his runed spear. The Green-elf hits! The large dog misses the Green-elf. The Green-elf thrusts his runed short sword. The Green-elf hits! The large dog bites the Green-elf. The Green-elf thrusts his runed spear at the large dog. The Green-elf misses the large dog. What do you want to drink? [AHKRZ or ?*] ? You feel better. The Green-elf thrusts his runed short sword. The Green-elf hits! The Green-elf thrusts his runed spear. The Green-elf hits! You die... Do you want your possessions identified? [ynq] (y) y Do you want to see the dungeon overview? [ynq] (y) q Inventory: Coins $ - 90 gold pieces Armor h - an uncursed +2 helmet (being worn) g - an uncursed +1 pair of leather gloves (being worn) v - an uncursed +0 pair of low boots (being worn) r - an uncursed +0 small shield (being worn) q - an uncursed +0 cloak of protection (being worn) Q - an uncursed +0 mummy wrapping d - an uncursed +0 leather armor (being worn) Comestibles y - an uncursed apple n - 6 uncursed food rations i - an uncursed lizard corpse Scrolls B - a blessed scroll of blank paper C - 3 uncursed scrolls of blank paper z - an uncursed scroll of create monster f - 2 uncursed scrolls of earth I - an uncursed scroll of identify Y - a cursed scroll of remove curse Potions R - 4 cursed diluted potions of healing A - a blessed potion of invisibility K - an uncursed potion of monster detection Z - an uncursed potion of restore ability H - an uncursed potion of water Rings M - a blessed +5 ring of adornment L - an uncursed ring of polymorph control O - a cursed ring of regeneration T - a cursed ring of teleportation Wands S - an uncursed wand of light (0:15) D - an uncursed wand of magic missile (0:7) j - an uncursed wand of magic missile (0:5) P - an uncursed wand of make invisible (0:7) U - an uncursed wand of make invisible (0:7) J - an uncursed wand of slow monster (0:8) Tools t - an uncursed blindfold x - an uncursed brass lantern m - an uncursed expensive camera (0:71) w - an uncursed mirror X - an uncursed oil lamp k - an uncursed skeleton key named SMOKY Sleep s - an uncursed stethoscope o - an uncursed tin whistle c - an uncursed +0 unicorn horn Gems/Stones E - 2 uncursed jacinth stones F - an uncursed worthless piece of orange glass N - an uncursed worthless piece of yellow glass l - an uncursed luckstone Spontiff the Healer's attributes: Background: You were a Rhizotomist, a level 1 male gnomish Healer. You were neutral, on a mission for Hermes who was opposed by Athena (lawful) and Poseidon (chaotic). You were right-handed. You were in Sokoban, on level 5. You entered the dungeon 21377 turns ago. You had 0 experience points, 20 were needed to attain level 2. Your score was 450 before end-of-game adjustments. Basics: You had 0 out of 22 hit points. You had all 7 energy points (spell power). Your armor class was -7. Your wallet contained 90 zorkmids. Autopickup was on for '$!/="?' plus thrown, with exceptions. Final Characteristics: Your strength was 16 (limit:18/50). Your dexterity was 6 (peak:7, limit:18). Your constitution was 17 (limit:18). Your intelligence was 13 (limit:19). Your wisdom was 16 (limit:18). Your charisma was 17 (limit:18). Final Status: You weren't hungry. You were unencumbered. You were empty handed. You were unskilled in bare handed combat. Final Attributes: You were piously aligned. You were poison resistant. You were telepathic. You had infravision. You had a small defense bonus (+5). You were protected. You were lucky. You had extra luck. Bad luck did not time out for you. Good luck did not time out for you. You are dead. Miscellaneous: You never encountered a bones level. Total elapsed playing time was 5 hours, 20 minutes and 36 seconds. Major events: Turn 1: spontiff the neutral male gnomish Healer entered the dungeon 489: entered the Gnomish Mines 1962: reached Mine Town 16133: entered Sokoban 17993: completed 1st Sokoban level 19150: completed 2nd Sokoban level 20040: completed 3rd Sokoban level 21377: killed by a Green-elf Vanquished creatures: 5 small mimics 4 watchmen a giant beetle a quivering blob 37 leprechauns 3 giant spiders an orc mummy a brown pudding a lizard a dingo a dog a white unicorn 2 ravens a gnome mummy an ape a soldier ant a bugbear a wood nymph a water nymph a mountain nymph 2 Mordor orcs an orc shaman 4 rock piercers 3 rock moles 3 ponies 2 fog clouds 2 yellow lights a shrieker a violet fungus 3 gnome leaders 2 gnomish wizards a kobold mummy a guardian naga hatchling a gray ooze 2 elf zombies a ghoul a straw golem 3 paper golems 6 giant ants a little dog 12 floating eyes 2 kittens 20 dwarves 3 homunculi a kobold leader a kobold shaman 4 hill orcs 9 rothes 2 rabid rats 7 giant bats a monkey 4 orc zombies 4 dwarf zombies 3 wererats 2 werejackals 10 iguanas 6 killer bees 8 acid blobs 4 coyotes 3 gas spores 17 hobbits 6 manes 3 large kobolds 3 hobgoblins 11 giant rats 11 cave spiders 9 brown molds 2 yellow molds 5 green molds 4 red molds 24 gnomes 3 garter snakes 8 gnome zombies 18 geckos 23 jackals 3 foxes 5 kobolds 9 goblins 8 sewer rats 24 grid bugs 6 bats 16 lichens 7 kobold zombies 28 newts 466 creatures vanquished. No species were genocided or became extinct. Voluntary challenges: You never hit with a wielded weapon. You were a pacifist. You read items or engraved 3 times. You never engraved Elbereth. You never genocided any monsters. You never polymorphed an object. You never changed form. You used no wishes. You did not violate any of the special Sokoban rules. Achievements: You entered the Gnomish Mines. You entered Minetown. You entered a shop. You entered a temple. You entered Sokoban. The Dungeons of Doom: levels 1 to 10 Level 1: "Stashlet" Level 2: Stairs down to The Gnomish Mines. Level 3: A scroll shop, a fountain, a sink. Level 4: A weapon shop, a fountain. Level 5: "book stashlet" Level 6: An altar. Level 7: "magic trap" Level 8: "magic trap" Many fountains. Oracle of Delphi. Level 9: Some fountains. Stairs up to Sokoban, level 8. Level 10: The Gnomish Mines: levels 3 to 10 Level 3: "magic trap" Level 4: Level 5: Level 6: Many shops, a temple and an altar, many fountains. Level 7: Level 8: Level 9: "MMF BELOW" Level 10: "Cellar; MMF about" Sokoban: levels 8 up to 5 Level 5: <- You were here. Unsolved. Final resting place for you, killed by a Green-elf. Level 6: Solved. Level 7: Solved. Level 8: Solved. Game over: ---------- / \ / REST \ / IN \ / PEACE \ / \ | spontiff | | 90 Au | | killed by a | | Green-elf | | | | | | 2024 | *| * * * | * _________)/\\_//(\/(/\)/\//\/|_)_______ Goodbye spontiff the Healer... You died in Sokoban on dungeon level 5 with 450 points, and 90 pieces of gold, after 21377 moves. You were level 1 with a maximum of 22 hit points when you died.